 Dungeon Crawl Stone Soup version 0.31.0 (webtiles) character file.

Game seed: 1576539078394890512

39350 MollyMolluskus the Brawler (level 14, -1/229 HPs)
             Began as an Octopode Fighter on Jan 19, 2024.
             Was a High Priest of Wu Jian.
             Slain by a death yak (14 damage)
             ... on level 4 of the Lair of Beasts.
             The game lasted 01:13:19 (15051 turns).

MollyMolluskus the Brawler (Octopode Fighter)      Turns: 15051, Time: 01:13:19

Health: -1/229     AC: 27    Str: 22    XL:     14   Next: 6%
Magic:  14/14      EV:  2    Int: 17    God:    Wu Jian [*****.]
Gold:   951        SH:  8    Dex: 20    Spells: 10/13 levels left

rFire   + .          .
                       - Unarmed
rCold   + . .        l - +2 buckler "Pyphet" {Rampage Str+3 Dex+3}
rNeg    . . .        y - melded +1 hat {Will+}
rPois   +            (no amulet)
rElec   .            k - ring of the Shifting Pariah {Int+6 Dex+5}
rCorr   .            g - ring of willpower
SInv    .            n - ring of protection from fire
Will    ++...        s - ring of poison resistance Stlth
                     f - ring of protection from fire
HPRegen 0.58/turn    o - +5 ring of evasion
MPRegen 0.14/turn    p - ring of ice
                     (no ring)

%: rampage
@: berserking, tree-form, very quick
A: stationary, stasis, torment immunity, boosted hp, almost no armour,
(amphibious), 8 rings, (camouflage 1), (gelatinous body 1), (nimble swimmer 1),
(tentacles), (tentacle spike 1), MP-powered wands
a: Renounce Religion, Wall Jump, Serpent's Lash, Heavenly Storm


You were on level 4 of the Lair of Beasts.
You worshipped Wu Jian.
Wu Jian was extremely pleased with you.
You were a tree.
You visited 3 branches of the dungeon, and saw 16 of its levels.
You also visited: Ice Cave.

You collected 1215 gold pieces.
You spent 264 gold pieces at shops.

Inventory:

Hand Weapons
 C - a +5 dagger of speed
Missiles
 b - 35 poisoned darts
 c - 6 boomerangs
 j - 7 curare-tipped darts (quivered)
Armour
 l - the +2 buckler "Pyphet" (worn) {Rampage Str+3 Dex+3}
   (You found it on level 3 of the Dungeon)

   Str+3:     It affects your strength (+3).
   Dex+3:     It affects your dexterity (+3).
   Rampage:   It bestows one free step when moving towards enemies.
 y - a +1 hat of willpower (melded)
Jewellery
 f - a ring of protection from fire (on tentacle)
 g - a ring of willpower (right branch)
 k - the ring of the Shifting Pariah (left branch) {Int+6 Dex+5}
   (You found it on level 4 of the Dungeon)

   [ring of intelligence]

   Int+6:     It affects your intelligence (+6).
   Dex+5:     It affects your dexterity (+5).
 m - a ring of magical power
 n - a ring of protection from fire (on tentacle)
 o - a +5 ring of evasion (on tentacle)
 p - a ring of ice (on tentacle)
 s - a ring of poison resistance (on tentacle)
Wands
 a - a wand of flame (45)
 t - a wand of polymorph (12)
 u - a wand of roots (7)
 v - a wand of charming (5)
 G - a wand of light (4)
 I - a wand of mindburst (10)
Scrolls
 e - 2 scrolls of revelation
 i - 2 scrolls of blinking
 q - 2 scrolls of fog
 r - 2 scrolls of identify
 D - 2 scrolls of immolation
 E - a scroll of teleportation
 J - a scroll of silence
Potions
 d - a potion of lignification
 h - a potion of enlightenment
 w - 2 potions of haste
 x - 3 potions of attraction
 z - 2 potions of berserk rage
 A - a potion of might
 B - a potion of mutation
 H - 2 potions of curing
Miscellaneous
 F - a phantom mirror


   Skills:
 + Level 11.6 Fighting
 - Level 4.0 Throwing
 + Level 11.6 Dodging
 - Level 6.0 Stealth
 - Level 6.0 Shields
 * Level 15.7 Unarmed Combat
 + Level 5.1 Evocations


You had 10 spell levels left.
You knew the following spells:

 Your Spells              Type           Power      Damage    Failure   Level
a - Confusing Touch       Hex            0%         N/A       63%         3

Your spell library contained the following spells:

 Spells                   Type           Power      Damage    Failure   Level
 Apportation              Tloc           0%         N/A       28%         1
 Kiss of Death            Conj/Necr      0%         2d5       28%         1
 Necrotise                Necr           0%         1d4       28%         1
 Sting                    Conj/Alch      0%         1d3       28%         1
 Summon Small Mammal      Summ           0%         N/A       28%         1
 Dispel Undead            Necr           0%         3d6       95%         4
 Manifold Assault         Tloc           0%         N/A       95%         4
 Dispersal                Tloc           0%         N/A       100%        6
 Disjunction              Tloc           0%         N/A       100%        8
 Chain Lightning          Conj/Air       0%         N/A       100%        9
 Fire Storm               Conj/Fire      0%         5d1       100%        9
 Shatter                  Erth           0%         3d5*      100%        9


Dungeon Overview and Level Annotations

Branches:
Dungeon (11/15)            Temple (1/1) D:6            Lair (4/5) D:9
  Swamp (0/4) Lair:2       Spider (0/4) Lair:3          Orc (0/2) D:10
  IceCv (visited)
  Slime: Lair:4-5

Altars:
Ashenzari
Cheibriados
Dithmenos
Elyvilon
Fedhas
Gozag
Hepliaklqana
Kikubaaqudgha
Makhleb
Nemelex Xobeh
Okawaru
Qazlal
Ru
Sif Muna
Trog
Uskayaw
Vehumet
Wu Jian
Xom
Yredelemnul
Zin
The Shining One

Shops:
D:11 ((!:

Annotations:
D:4 3 runed translucent doors, Driedwater's ghost, amateur DsHW; turdburglar's ghost, amateur DsSh
D:6 2 runed translucent doors, middlethird's ghost, novice VSEE
D:8 2 transporters
D:9 Erolcha


Innate Abilities, Weirdness & Mutations

You are a tree.
Your roots penetrate the ground, keeping you stationary.
You cannot be teleported.
You are immune to unholy pain and torment.
Your maximum health is greatly increased.
You cannot wear most types of armour.
((You are amphibious.))
You can wear up to eight rings at the same time.
((Your skin changes colour to match your surroundings (Stealth+).))
((Your rubbery body absorbs attacks. (AC +1, EV +1)))
((You are camouflaged when in or above water. (Stealth+)))
((You have tentacles for arms and can constrict up to eight enemies at once.))
((One of your tentacles bears a spike.))
You expend magic power (3 MP) to strengthen your wands.


Message History

You block the death yak's attack. The death yak gores you!
You smack the death yak!
The death yak is heavily wounded.
You hit the death yak.
The death yak is heavily wounded.
The death yak gores you. x2; The death yak barely misses you.
You smack the death yak!
The death yak is severely wounded.
The death yak gores you! x2
The death yak gores you but does no damage.
You smack the death yak!
You punch the death yak, but do no damage.
The death yak is almost dead.
You block the death yak's attack. The death yak gores you!
* * * LOW HITPOINT WARNING * * *
The death yak gores you!
* * * LOW HITPOINT WARNING * * *
A red film seems to cover your vision as you go berserk!
You feel yourself moving faster!
You feel mighty!
The death yak gores you but does no damage. x3
You pummel the death yak!!
You kill the death yak!
The Council accepts your kill.
You barely miss the death yak.
The death yak gores you but does no damage.
The death yak gores you.
* * * LOW HITPOINT WARNING * * *
You smack the death yak!
The death yak is lightly wounded.
You hit the death yak.
The death yak is lightly wounded.
You block the death yak's attack.
You smack the death yak!
The death yak is moderately wounded.
The death yak gores you!
* * * LOW HITPOINT WARNING * * *
You smack the death yak!
The death yak is moderately wounded.
The death yak gores you!
You die...

..#.....##..... #.
...##....#P....##..
.........#....##...
...................
............#......
................#
.........F.#...#
........YY#...#
......†.†♣#...##
....##..###Y.⌠.# ..
#####...Y## #.#.YY#
...#...Y# #..
###...# .... #....
..## ..... ## .....


You could see 2 death yaks and a bullfrog.

Vanquished Creatures
  Gastronok (D:9)
  Nessos (Lair:3)
  A yaktaur captain (D:10)
  A hydra (Lair:1)
  An ice dragon (D:11)
  An ogre mage (D:10)
  3 boulder beetles
  6 two-headed ogres
  4 death yaks (Lair:4)
  Sonja (D:10)
  A fire crab (D:10)
  A skyshark (Lair:1)
  Pikel (D:6)
  An orc knight (D:10)
  A cyclops (D:10)
  An ugly thing (D:10)
  Joseph (D:7)
  2 black mambas
  A gargoyle (D:10)
  Jeremiah (D:6)
  5 cane toads
  2 kobold demonologists (D:10)
  4 rime drakes
  A tengu conjurer (D:10)
  An unseen horror (D:10)
  A freezing wraith (IceCv)
  3 komodo dragons
  2 polar bears (D:11)
  Prince Ribbit (D:7)
  2 trolls (D:10)
  A hornet (D:10)
  3 tyrant leeches (Lair:2)
  4 blink frogs (Lair:3)
  4 jumping spiders (Lair:3)
  3 slime creatures (D:11)
  A centaur simulacrum (D:10)
  4 shadows
  2 wraiths
  2 vampires (D:10)
  2 basilisks (Lair:1)
  33 yaks
  3 wyverns
  4 vampire mosquitoes
  A death yak simulacrum (IceCv)
  A redback (Lair:3)
  2 steam dragons
  2 swamp worms (Lair:2)
  A harpy simulacrum (IceCv)
  6 water moccasins
  An acid dragon (D:10)
  An ice beast (D:5)
  2 orc warriors (D:10)
  3 black bears
  A laughing skull (D:10)
  4 ogres (D:6)
  2 wolves (D:11)
  3 centaurs
  A lemure (D:5)
  8 kobold brigands
  11 bullfrogs
  2 gnoll sergeants
  4 scorpions
  A cane toad simulacrum (IceCv)
  6 wights (D:10)
  3 troll zombies (D:10)
  An elephant simulacrum (IceCv)
  A killer bee (D:8)
  3 electric eels (D:4)
  3 howler monkeys (D:11)
  2 bombardier beetles
  11 hounds
  3 jellies
  2 gnoll boudas
  14 orc priests
  A sleepcap (D:6)
  5 iguanas
  7 orc wizards
  4 hell rats (Lair:3)
  5 ogre zombies (D:10)
  28 gnolls
  6 adders
  6 ufetubi
  A dart slug (D:5)
  4 ribbon worms (D:2)
  26 orcs
  3 endoplasms
  7 giant cockroaches
  2 gnoll zombies (D:10)
  4 goblins
  9 hobgoblins
  4 jackals (D:4)
  4 quokkas
  3 ball pythons
  5 bats
  A frilled lizard (D:2)
  3 gnoll skeletons (D:10)
  20 kobolds
  3 orc skeletons (D:10)
  17 orc zombies (D:10)
  7 rats
410 creatures vanquished.

Vanquished Creatures (others)
  An ogre (D:4)
  A kobold (D:4)
2 creatures vanquished.

Grand Total: 412 creatures vanquished

Notes
Turn   | Place    | Note
-------+----------+-------------------------------------------
     0 | D:1      | MollyMolluskus the Octopode Fighter began the quest for the
                  | Orb.
     0 | D:1      | Reached XP level 1. HP: 16/16 MP: 1/1
   253 | D:1      | Reached XP level 2. HP: 16/21 MP: 2/2
   620 | D:2      | Reached skill level 1 in Stealth
   651 | D:2      | Reached XP level 3. HP: 13/26 MP: 3/3
   830 | D:2      | Reached XP level 4. HP: 29/31 MP: 4/4
   990 | D:2      | Reached skill level 3 in Unarmed Combat
  1205 | D:2      | Found a faded altar of an unknown god.
  1638 | D:3      | Noticed a water moccasin
  1651 | D:3      | Killed a water moccasin
  1652 | D:3      | Reached skill level 1 in Evocations
  1652 | D:3      | Reached XP level 5. HP: 37/37 MP: 5/5
  1726 | D:3      | Reached XP level 6. HP: 36/43 MP: 6/6
  1732 | D:3      | Identified the +2 buckler "Pyphet" {Rampage Str+3 Dex+3}
  1873 | D:3      | Found a bloodstained altar of Trog.
  2073 | D:4      | Identified the +0 ring mail of Cajofag {^Contam rC+++
                  | Regen+ Dex-4}
  2145 | D:4      | Found a blossoming altar of Fedhas.
  2258 | D:4      | Found a white marble altar of Elyvilon.
  2262 | D:4      | Identified the ring of the Shifting Pariah {Int+6 Dex+5}
  2283 | D:4      | Gained mutation: One of your tentacles bears a spike.
                  | [potion of mutation]
  2283 | D:4      | Gained mutation: You expend magic power (3 MP) to
                  | strengthen your wands. [potion of mutation]
  2295 | D:4      | Reached skill level 4 in Unarmed Combat
  2540 | D:4      | Found a hazy altar of Hepliaklqana.
  2695 | D:4      | Reached XP level 7. HP: 48/48 MP: 7/7
  2702 | D:4      | Found a transporter.
  2805 | D:4      | Found a transporter.
  2975 | D:4      | Found a runed translucent gate.
  2975 | D:4      | Found a runed translucent gate.
  2975 | D:4      | Found a runed translucent gate.
  2977 | D:4      | Noticed Driedwater's ghost (amateur DsHW)
  2996 | D:4      | Noticed turdburglar's ghost (amateur DsSh)
  3118 | D:5      | Entered Level 5 of the Dungeon
  3477 | D:5      | You fall into a shaft and drop 1 floor!
  3560 | D:5      | Found a broken altar of Ashenzari.
  3712 | D:4      | Reached skill level 5 in Unarmed Combat
  3803 | D:5      | Reached XP level 8. HP: 54/54 MP: 8/8
  4435 | D:6      | Noticed Jeremiah
  4570 | D:6      | Found a large runed translucent door.
  4570 | D:6      | Found a large runed translucent door.
  4575 | D:6      | Noticed middlethird's ghost (novice VSEE)
  4585 | D:6      | Noticed Pikel
  4600 | D:6      | Killed Jeremiah
  4601 | D:6      | Reached skill level 5 in Stealth
  4609 | D:6      | Killed Pikel
  4610 | D:6      | Reached skill level 5 in Fighting
  4610 | D:6      | Reached skill level 5 in Dodging
  4610 | D:6      | Reached skill level 5 in Shields
  4610 | D:6      | Reached skill level 6 in Unarmed Combat
  4610 | D:6      | Reached XP level 9. HP: 42/61 MP: 9/9
  4706 | D:6      | Found a staircase to the Ecumenical Temple.
  4723 | Temple   | Entered the Ecumenical Temple
  4957 | D:6      | Found a sparkling altar of Nemelex Xobeh.
  5035 | D:6      | Learned a level 3 spell: Confusing Touch
  5148 | D:6      | Reached skill level 7 in Unarmed Combat
  5493 | D:6      | Reached skill level 1 in Throwing
  6125 | D:7      | Noticed Joseph
  6140 | D:7      | Killed Joseph
  6141 | D:7      | Reached skill level 8 in Unarmed Combat
  6141 | D:7      | Reached XP level 10. HP: 56/69 MP: 10/10
  6241 | D:7      | Found a sacrificial altar of Ru.
  6658 | D:7      | Found an ornate altar of the Wu Jian Council.
  6658 | D:7      | Noticed Prince Ribbit
  6661 | D:7      | Killed Prince Ribbit
  6669 | D:7      | Became a worshipper of the Wu Jian Council
  7390 | D:8      | Found a basalt altar of Yredelemnul.
  7391 | D:8      | Found a shadowy altar of Dithmenos.
  7510 | D:8      | Found an ancient bone altar of Kikubaaqudgha.
  7572 | D:8      | Found a shimmering blue altar of Sif Muna.
  7756 | D:8      | Found a transporter.
  7765 | D:8      | Found a transporter.
  7788 | D:8      | Found a transporter.
  7948 | D:8      | Found a transporter.
  7995 | D:9      | Reached skill level 9 in Unarmed Combat
  8137 | D:9      | Noticed a two-headed ogre
  8141 | D:9      | Noticed Gastronok
  8143 | D:9      | Killed a two-headed ogre
  8251 | D:9      | Killed Gastronok
  8252 | D:9      | Reached skill level 10 in Unarmed Combat
  8374 | D:9      | Noticed Erolcha
  8425 | D:9      | Found a staircase to the Lair.
  9160 | D:10     | Entered Level 10 of the Dungeon
  9165 | D:10     | Reached XP level 11. HP: 75/75 MP: 11/11
  9193 | D:10     | Reached * piety under Wu Jian
  9430 | D:10     | Found a staircase to the Orcish Mines.
  9516 | D:10     | Reached ** piety under Wu Jian
  9554 | D:10     | Noticed Sonja
  9565 | D:10     | Killed Sonja
  9566 | D:10     | Noticed an orc knight
  9582 | D:10     | Killed an orc knight
  9798 | D:10     | Reached skill level 11 in Unarmed Combat
  9812 | D:10     | Noticed a fire crab
  9827 | D:10     | Killed a fire crab
 10044 | D:10     | Noticed a two-headed ogre
 10053 | D:10     | Killed a two-headed ogre
 10057 | D:10     | Noticed a two-headed ogre
 10208 | D:10     | Killed a two-headed ogre
 10236 | D:10     | Noticed an ogre mage
 10429 | D:10     | Noticed a two-headed ogre
 10436 | D:10     | Killed a two-headed ogre
 10437 | D:10     | Reached skill level 12 in Unarmed Combat
 10437 | D:10     | Reached XP level 12. HP: 83/85 MP: 12/12
 10542 | D:10     | Killed an ogre mage
 10558 | D:10     | Reached *** piety under Wu Jian
 10839 | D:10     | Noticed a two-headed ogre
 10857 | D:10     | Noticed a yaktaur captain
 10862 | D:10     | Killed a yaktaur captain
 10866 | D:10     | Noticed a boulder beetle
 10869 | D:10     | Killed a two-headed ogre
 10870 | D:10     | Reached skill level 13 in Unarmed Combat
 11086 | D:10     | Killed a boulder beetle
 11417 | D:10     | Found a glowing silver altar of Zin.
 11417 | D:10     | Found a radiant altar of Vehumet.
 11523 | D:10     | Reached skill level 10 in Fighting
 11648 | D:11     | Noticed a boulder beetle
 11667 | D:11     | Killed a boulder beetle
 11668 | D:11     | Reached skill level 10 in Dodging
 11700 | D:11     | Found Wuocus's Antique Weapon Shop.
 11790 | D:11     | Found a frozen archway.
 11792 | D:11     | Noticed an ice dragon
 11799 | D:11     | Killed an ice dragon
 11859 | IceCv    | Entered an ice cave
 11862 | IceCv    | Found a transporter.
 11869 | IceCv    | Reached skill level 14 in Unarmed Combat
 11869 | IceCv    | Reached XP level 13. HP: 44/93 MP: 13/13
 12023 | IceCv    | Found a transporter.
 12069 | D:11     | Found a transporter.
 12074 | D:11     | Found Supataz's Antique Weapon Shop.
 12210 | D:11     | Reached **** piety under Wu Jian
 12360 | D:11     | Found Bioloxt's Distillery.
 12368 | D:11     | Bought a potion of lignification for 36 gold pieces
 12368 | D:11     | Bought a potion of berserk rage for 60 gold pieces
 12368 | D:11     | Bought a potion of haste for 120 gold pieces
 12368 | D:11     | Bought a potion of might for 48 gold pieces
 12372 | D:11     | Found Tutel's Book Boutique.
 12429 | D:11     | Found a transporter.
 12568 | Lair:1   | Entered Level 1 of the Lair of Beasts
 12664 | Lair:1   | You fall into a shaft and drop 1 floor!
 13600 | Lair:2   | Reached skill level 15 in Unarmed Combat
 13776 | Lair:2   | Found a staircase to the Swamp.
 14185 | Lair:3   | Found a hole to the Spider Nest.
 14479 | Lair:3   | Noticed Nessos
 14486 | Lair:3   | Killed Nessos
 14486 | Lair:3   | Reached ***** piety under Wu Jian
 15033 | Lair:4   | Reached XP level 14. HP: 101/101 MP: 14/14
 15039 | Lair:4   | Reached skill level 5 in Evocations
 15051 | Lair:4   | Slain by a death yak

Illustrated notes

Levels and vault maps discovered:
D:1:      lightli_arrival_chessboard, layout_loops_ring
D:2:      layout_basic, shapermc_ecumenical_altar_mp_highgroup,
          corexii_item_surrounded_by_moat, minmay_misc_feat_rows,
          roderic_cross_of_infinity, minmay_misc_feat_nine_boxes
D:3:      layout_basic, lemuel_round_altar, minmay_crystal_water
D:4:      gammafunk_steamed_eel, layout_loops_cross, elyvilon_altar_5,
          fedhas_altar_fruit_tree, mainiacjoe_overflow_boulevard,
          gammafunk_ghost_cemetery
D:5:      layout_basic, mainiacjoe_overflow_cross_hatched
D:6:      kennysheep_housing_project, layout_loops_ring,
          nemelex_diamond_rough_becter, minmay_temple_entry_arrows,
          ebering_ghost_disaster_area, nicolae_zen_rock_garden,
          kennysheep_generic_room_7, uniq_jeremiah, uniq_pikel
D:7:      layout_layer_cave, general_overflow_altar,
          nicolae_wu_jian_immortal_techniques, uniq_joseph, uniq_prince_ribbit1
D:8:      layout_rooms, hellmonk_sif_muna_bookshelves, kiku_gazebo_pond_becter,
          jmf_multi_god_temple, nicolae_transporter_intersection
D:9:      layout_irregular_city, dpeg_oklobed_lair, uniq_erolcha, uniq_gastronok
D:10:     nzn_winding_woodlands_stair_cross [nzn_winding_woodlands_5x15_default,
          nzn_winding_woodlands_center_pierced_h,
          nzn_winding_woodlands_5x15_parted,
          nzn_winding_woodlands_5x5_closed_star,
          nzn_winding_woodlands_5x5_perimeter,
          nzn_winding_woodlands_5x15_concentric,
          nzn_winding_woodlands_center_garden,
          nzn_winding_woodlands_5x15_cabin], layout_cave_pools,
          mainiacjoe_overflow_divided_tiny, zombieorc2_lemuel,
          minmay_three_doors, uniq_sonja
D:11:     layout_loops_ring, serial_shops, nicolae_shop_peninsula, shop,
          nicolae_shop_drivethru, shop, portal_ice_cave_entry_animals_and_master
Temple:   hellmonk_temple_beads
Lair:1:   layout_gridlike
Lair:2:   layout_small_grid, minmay_swamp_entry_worms
Lair:3:   layout_small_grid, spider_nest_entry_a, uniq_nessos
Lair:4:   layout_regular_city, minmay_slime_entry_jelly_boxes,
          grunt_megastairs_5

Skill      XL: |  1  2  3  4  5  6  7  8  9 10 11 12 13 14 |
---------------+-------------------------------------------+-----
Stealth        | 1 2 3 4 5 6 |  6.0
Unarmed Combat | 3 4 5 6 8 10 12 14 15 | 15.7
Evocations     | 1 2 3 4 5 |  5.1
Fighting       | 4 5 6 7 9 10 11 | 11.6
Dodging        | 4 5 6 7 9 10 11 | 11.6
Shields        | 4 5 6 |  6.0
Throwing       | 2 4 |  4.0

Action                     |  1- 3 |  4- 6 |  7- 9 | 10-12 | 13-15 || total
---------------------------+-------+-------+-------+-------+-------++-------
  Melee: Unarmed           |    50 |    98 |   211 |   431 |   257 ||  1047
         Constrict         |    15 |    24 |    57 |    67 |    25 ||   188
         Tentacles         |     9 |    22 |    57 |   123 |    63 ||   274
         Punch             |     1 |     1 |    12 |    37 |    30 ||    81
         Kick              |       |     9 |   104 |   177 |    87 ||   377
  Throw: Dart              |       |       |       |    17 |     9 ||    26
         Boomerang         |       |       |       |     6 |       ||     6
Ability: Lunge             |       |       |       |    77 |    39 ||   116
         Whirlwind         |       |       |       |    13 |    33 ||    46
         Wall Jump         |       |       |       |     5 |     6 ||    11
  Evoke: Wand              |       |     2 |       |    24 |       ||    26
    Use: Scroll            |     2 |     7 |     5 |    12 |     2 ||    28
         Potion            |       |     4 |     6 |     3 |     5 ||    18
   Stab: Sleeping          |     3 |    15 |    21 |    14 |    25 ||    78
         Distracted        |       |       |       |     8 |       ||     8
         Invisible         |       |       |       |     2 |       ||     2
 Armour: Skin              |    16 |    23 |    62 |   110 |    69 ||   280
  Dodge: Dodged            |    34 |    36 |   108 |   162 |    83 ||   423
  Block: Buckler           |     5 |    13 |    68 |    74 |    49 ||   209
